Whalers vs Kings

Created - 6 avril 2022 at 20:21

Goals
1 2 3 T
Whalers 0 3 1 4
Kings 1 0 1 2
Shots
1 2 3 T
Whalers 4 18 15 37
Kings 19 5 10 34

1st period

1. Kings , Conor Garland 22 (Matt Irwin 11, Jordan Eberle 27) at 18:00

Penalties :
No Penalty

2nd period

2. Whalers , Reilly Smith 16 (Drake Batherson 25) at 8:45
3. Whalers , Christian Dvorak 30 (Timo Meier 22, Scott Mayfield 16) at 10:17
4. Whalers , Christian Dvorak 31 (Justin Faulk 23, Nikita Zadorov 10) at 19:14

Penalties :
Matt Irwin (LAK) for Interference (Minor) at 6:24

3rd period

5. Kings , Tage Thompson 9 (Jeff Carter 30, Jonas Brodin 24) at 10:01
6. Whalers , Vladimir Tarasenko 27 (Timo Meier 23, Roman Josi 34) at 11:54 (PP)

Penalties :
Roman Josi (HAR) for Hooking (Minor) at 0:53, Conor Garland (LAK) for Holding (Minor) at 11:39

Goalie Stats

Laurent Brossoit (HAR), 27 saves from 29 shots - (0,931), W, 13-3-4, 50:19 minutes
Jacob Markstrom (HAR), 5 saves from 5 shots - (1,000), 9:41 minutes
Sergei Bobrovsky (LAK), 33 saves from 37 shots - (0,892), L, 17-10-2, 60:00 minutes

Players Stats for Whalers

Player Name              G  A  P  +/- PIM S  H  SB GA TA FO     MP     PP MP  PK MP  
------------------------------------------------------------------------------------
Bryan Rust               0  0  0   0  0   2  1  0  1  1  0/2    18:37   1:06   0:00 
Christian Dvorak         2  0  2   1  0   5  0  1  0  1  5/10   17:03   1:08   0:07 
David Perron             0  0  0   0  0   1  2  0  0  0  0/1    18:37   1:06   0:00 
David Savard             0  0  0   1  0   0  1  0  0  0  0/0    19:22   0:00   1:09 
Drake Batherson          0  1  1   0  0   4  1  0  0  0  7/13   15:56   0:00   0:00 
Joe Pavelski             0  0  0   0  0   2  1  0  0  0  13/26  18:45   1:06   0:00 
Justin Faulk             0  1  1   1  0   1  2  1  0  0  0/0    21:20   0:59   1:09 
Mike Hardman             0  0  0   0  0   0  0  0  0  0  1/1    15:59   0:00   0:00 
Nikita Zadorov           0  1  1   1  0   1  2  1  0  0  0/0    19:47   0:00   0:50 
Reilly Smith             1  0  1   0  0   4  0  0  0  0  0/2    16:57   0:00   1:01 
Riley Nash               0  0  0   0  0   0  0  0  0  1  1/1     7:29   0:00   1:00 
Roman Josi               0  1  1  -1  2   4  0  1  2  1  0/0    19:38   0:59   0:00 
Scott Mayfield           0  1  1  -1  0   1  2  2  0  1  0/0    20:30   1:15   0:50 
Sean Walker              0  0  0   1  0   2  0  1  0  0  0/0    19:25   1:15   0:00 
Shane Pinto              0  0  0   0  0   2  0  0  0  0  0/1     7:14   0:00   0:42 
Timo Meier               0  2  2   1  0   4  1  1  0  0  0/0    17:11   1:08   0:26 
Tobias Rieder            0  0  0   0  0   1  0  0  1  0  0/0     7:14   0:00   0:42 
Vladimir Tarasenko       1  0  1   1  0   3  0  0  1  0  1/1    16:56   1:08   0:00 

Players Stats for Kings

Player Name              G  A  P  +/- PIM S  H  SB GA TA FO     MP     PP MP  PK MP  
------------------------------------------------------------------------------------
Alex Goligoski           0  0  0   0  0   0  2  1  0  1  0/0    23:48   0:51   0:40 
Austin Watson            0  0  0   0  0   0  0  0  1  0  0/0     8:17   0:00   0:27 
Carl Grundstrom          0  0  0   0  0   3  1  0  0  0  0/0     7:50   0:00   0:00 
Christian Fischer        0  0  0  -1  0   2  0  2  0  0  0/0    14:05   0:00   1:11 
Conor Garland            1  0  1   1  2   4  0  0  0  0  0/1    20:06   1:05   0:00 
Jayson Megna             0  0  0   0  0   1  0  0  0  0  4/4     8:17   0:00   0:27 
Jeff Carter              0  1  1  -1  0   3  1  1  1  0  6/12   16:43   0:54   0:00 
Jonas Brodin             0  1  1   0  0   2  2  2  0  0  0/0    23:50   0:51   0:30 
Jordan Eberle            0  1  1   1  0   3  1  0  0  0  0/0    20:07   1:05   0:00 
Josh Brown               0  0  0   0  0   1  0  2  0  1  0/0    15:19   0:00   1:10 
Klim Kostin              0  0  0  -1  0   2  2  1  1  0  0/0    13:25   0:00   0:31 
Matt Irwin               0  1  1   0  2   0  1  3  0  2  0/0    14:08   0:00   0:00 
Michael Anderson         0  0  0  -1  0   2  1  1  1  0  0/0    21:33   1:08   1:04 
Olli Maatta              0  0  0  -1  0   1  1  2  0  0  0/0    21:33   1:08   1:04 
Rudolfs Balcers          0  0  0  -1  0   1  1  1  0  1  0/1    16:43   0:54   0:00 
Sean Kuraly              0  0  0  -1  0   2  4  2  1  0  7/11   14:11   0:00   1:16 
Tage Thompson            1  0  1  -1  0   2  3  1  0  0  0/3    16:54   0:54   0:00 
Tomas Hertl              0  0  0   1  0   5  3  2  0  0  13/26  20:55   1:05   0:36 

3 Stars

1 - Christian Dvorak (HAR)
2 - Timo Meier (HAR)
3 - Vladimir Tarasenko (HAR)

Power Play

Whalers - 1 on 2 Attempt(s) - 50,00%
Kings - 0 on 1 Attempt(s) - 0,00%

Penalty Kill

Whalers - 1 on 1 Attempt(s) - 100,00% - Score 0 goal in Penalty Kill
Kings - 1 on 2 Attempt(s) - 50,00% - Score 0 goal in Penalty Kill

Team Stat

Whalers - Hits : 13 - Faceoff Wins : 28 - Blocked Shots : 8 - Penalty Minutes : 2
Kings - Hits : 23 - Faceoff Wins : 30 - Blocked Shots : 21 - Penalty Minutes : 4

Official

Referees : Jake Brenk and Adam Bloski
Linesman : Glen Cooke and Luke Galvin

Game Notes

Laurent Brossoit is injured at 10:19 of 3rd period (Left Ankle)
Jacob Markstrom enters game at 10:19 of 3rd period
Mike Hardman is injured at 19:51 of 3rd period (Bruised Left Arm)

Finance

Level 1 -- Attendance: 6000 (100,00%) -- Ticket Income 540 000 $
Level 2 -- Attendance: 4754 (95,08%) -- Ticket Income 237 700 $
Level 3 -- Attendance: 2000 (100,00%) -- Ticket Income 60 000 $
Level 4 -- Attendance: 4000 (100,00%) -- Ticket Income 40 000 $
Luxury Box -- Attendance: 935 (93,50%) -- Ticket Income 149 600 $
Game was played at the Hollywood Garden.
Total Attendance: 17689 (98,27%)
Total Ticket Income: 1 027 300 $
Other Income: 503 377 $
Total Income: 1 530 677 $

Whalers

5 vs 5 Forward 
   Center                   Left Wing                Right Wing               Time % Phy DF OF 
 1 Joe Pavelski             Bryan Rust               David Perron             33     0   2  3  
 2 Christian Dvorak         Timo Meier               Vladimir Tarasenko       31     0   2  3  
 3 Drake Batherson          Reilly Smith             Mike Hardman             31     0   2  3  
 4 Shane Pinto              Tobias Rieder            Riley Nash               5      0   2  3  

5 vs 5 Defense 
   Defense                  Defense                                           Time % Phy DF OF 
 1 Justin Faulk             Nikita Zadorov                                    34     0   3  2  
 2 Roman Josi               Scott Mayfield                                    33     0   3  2  
 3 David Savard             Sean Walker                                       33     0   3  2  
 4 Justin Faulk             Nikita Zadorov                                    0      0   3  2  

PowerPlay Forward 
   Center                   Left Wing                Right Wing               Time % Phy DF OF 
 1 Joe Pavelski             Bryan Rust               David Perron             50     0   0  5  
 2 Christian Dvorak         Timo Meier               Vladimir Tarasenko       50     0   0  5  

PowerPlay Defense
   Defense                  Defense                                           Time % Phy DF OF 
 1 Justin Faulk             Roman Josi                                        50     0   0  5  
 2 Scott Mayfield           Sean Walker                                       50     0   0  5  

Penalty Kill 4 Players Forward 
   Center                   Wing                     Time % Phy DF OF 
 1 Riley Nash               Reilly Smith             55     0   5  0  
 2 Shane Pinto              Tobias Rieder            45     0   5  0  

Penalty Kill 4 Players Defense
   Defense                  Defense                  Time % Phy DF OF 
 1 Justin Faulk             David Savard             50     0   5  0  
 2 Nikita Zadorov           Scott Mayfield           50     0   5  0  

Penalty Kill - 3 Players Forward 
   Forward                                           Time % Phy DF OF 
 1 Riley Nash                                        50     0   5  0  
 2 Shane Pinto                                       50     0   5  0  

Penalty Kill - 3 Players Defense
   Defense                  Defense                  Time % Phy DF OF 
 1 Justin Faulk             David Savard             50     0   5  0  
 2 Nikita Zadorov           Scott Mayfield           50     0   5  0  

4 vs 4 Forward 
   Center                   Wing                     Time % Phy DF OF 
 1 Joe Pavelski             Reilly Smith             60     0   2  3  
 2 Christian Dvorak         Vladimir Tarasenko       40     0   2  3  

4 vs 4 Defense
   Defense                  Defense                  Time % Phy DF OF 
 1 Justin Faulk             Nikita Zadorov           50     0   3  2  
 2 Roman Josi               David Savard             50     0   3  2  

Last Minutes Offensive
   Center                   Left Wing                Right Wing               Defense                  Defense                  
   Joe Pavelski             David Perron             Vladimir Tarasenko       Justin Faulk             Roman Josi               

Last Minutes Defensive
   Center                   Left Wing                Right Wing               Defense                  Defense                  
   Christian Dvorak         Tobias Rieder            Riley Nash               Scott Mayfield           David Savard             

Goaltenders
Starting : Laurent Brossoit         
Backup : Jacob Markstrom          

Extra Forwards
Normal : Joe Pavelski, David Perron, Mike Hardman - PP : Vladimir Tarasenko, Drake Batherson - PK : Timo Meier
Extra Defensemen
Normal : Justin Faulk, Scott Mayfield, Sean Walker - PP : Nikita Zadorov - PK : Scott Mayfield, Justin Faulk
Penalty Shots
Joe Pavelski, Vladimir Tarasenko, Drake Batherson, Bryan Rust, David Perron
Custom OT Lines Forwards
Joe Pavelski, Mike Hardman, David Perron, Bryan Rust, Christian Dvorak, Drake Batherson, Timo Meier, Vladimir Tarasenko, Reilly Smith, Riley Nash
Custom OT Lines Defensemen
Justin Faulk, Nikita Zadorov, Roman Josi, David Savard, Scott Mayfield

Scratches
Sean Couturier (Bruised Left Leg Injury)

Kings

5 vs 5 Forward 
   Center                   Left Wing                Right Wing               Time % Phy DF OF 
 1 Tomas Hertl              Conor Garland            Jordan Eberle            35     0   1  4  
 2 Jeff Carter              Rudolfs Balcers          Tage Thompson            30     0   2  3  
 3 Sean Kuraly              Klim Kostin              Christian Fischer        24     1   1  3  
 4 Jayson Megna             Austin Watson            Carl Grundstrom          11     1   2  2  

5 vs 5 Defense 
   Defense                  Defense                                           Time % Phy DF OF 
 1 Alex Goligoski           Jonas Brodin                                      40     1   2  2  
 2 Olli Maatta              Michael Anderson                                  35     1   3  1  
 3 Josh Brown               Matt Irwin                                        25     1   3  1  
 4 Jonas Brodin             Alex Goligoski                                    0      1   2  2  

PowerPlay Forward 
   Center                   Left Wing                Right Wing               Time % Phy DF OF 
 1 Tomas Hertl              Conor Garland            Jordan Eberle            60     0   0  5  
 2 Jeff Carter              Rudolfs Balcers          Tage Thompson            40     0   1  4  

PowerPlay Defense
   Defense                  Defense                                           Time % Phy DF OF 
 1 Alex Goligoski           Jonas Brodin                                      60     1   2  2  
 2 Olli Maatta              Michael Anderson                                  40     1   2  2  

Penalty Kill 4 Players Forward 
   Center                   Wing                     Time % Phy DF OF 
 1 Sean Kuraly              Christian Fischer        60     1   3  1  
 2 Jayson Megna             Austin Watson            40     1   3  1  

Penalty Kill 4 Players Defense
   Defense                  Defense                  Time % Phy DF OF 
 1 Olli Maatta              Michael Anderson         60     1   3  1  
 2 Josh Brown               Matt Irwin               40     1   3  1  

Penalty Kill - 3 Players Forward 
   Forward                                           Time % Phy DF OF 
 1 Sean Kuraly                                       60     1   4  0  
 2 Jayson Megna                                      40     1   4  0  

Penalty Kill - 3 Players Defense
   Defense                  Defense                  Time % Phy DF OF 
 1 Jonas Brodin             Alex Goligoski           60     1   3  1  
 2 Olli Maatta              Michael Anderson         40     1   3  1  

4 vs 4 Forward 
   Center                   Wing                     Time % Phy DF OF 
 1 Tomas Hertl              Conor Garland            60     0   1  4  
 2 Jeff Carter              Jordan Eberle            40     0   1  4  

4 vs 4 Defense
   Defense                  Defense                  Time % Phy DF OF 
 1 Alex Goligoski           Jonas Brodin             60     1   2  2  
 2 Olli Maatta              Michael Anderson         40     1   2  2  

Last Minutes Offensive
   Center                   Left Wing                Right Wing               Defense                  Defense                  
   Tomas Hertl              Conor Garland            Jordan Eberle            Jonas Brodin             Alex Goligoski           

Last Minutes Defensive
   Center                   Left Wing                Right Wing               Defense                  Defense                  
   Tomas Hertl              Sean Kuraly              Jeff Carter              Jonas Brodin             Alex Goligoski           

Goaltenders
Starting : Sergei Bobrovsky         
Backup : Martin Jones             

Extra Forwards
Normal : Christian Fischer, Tage Thompson, Jordan Eberle - PP : Sean Kuraly, Tage Thompson - PK : Tomas Hertl
Extra Defensemen
Normal : Michael Anderson, Olli Maatta, Josh Brown - PP : Olli Maatta - PK : Alex Goligoski, Jonas Brodin
Penalty Shots
Tage Thompson, Conor Garland, Tomas Hertl, Jordan Eberle, Jeff Carter
Custom OT Lines Forwards
Rudolfs Balcers, Conor Garland, Tomas Hertl, Jordan Eberle, Jeff Carter, Tage Thompson, Klim Kostin, Christian Fischer, Jayson Megna, Carl Grundstrom
Custom OT Lines Defensemen
Michael Anderson, Alex Goligoski, Jonas Brodin, Olli Maatta, Josh Brown

Scratches
Alex Ovechkin (Strained Groin Injury), Michael Del Zotto (Healthy), Jimmy Howard (Healthy)

% Time on Ice - Whalers

Lines # - Real PCT - Wanted PCT - Time Play
Normal Forward
1 - 32% - 33% - 17:42
2 - 28% - 31% - 15:40
3 - 29% - 31% - 15:56
4 - 12% - 5% - 6:29
Normal Defense
1 - 34% - 34% - 19:00
2 - 33% - 33% - 18:25
3 - 33% - 33% - 18:10
4 - 0% - 0% - 0:12
PP Forward
1 - 49% - 50% - 1:06
2 - 51% - 50% - 1:08
PP Defense
1 - 44% - 50% - 0:59
2 - 56% - 50% - 1:15
PK Forward
1 - 65% - 55% - 1:17
2 - 35% - 45% - 0:42
PK Defense
1 - 58% - 50% - 1:09
2 - 42% - 50% - 0:50
PK3 Forward
1 - 0% - 50%
2 - 0% - 50%
PK3 Defense
1 - 0% - 50%
2 - 0% - 50%
44 Forward
1 - 0% - 60%
2 - 0% - 40%
44 Defense
1 - 0% - 50%
2 - 0% - 50%
Last Minute Offensive  - 0:00
Last Minute Defensive  - 0:00
Total
Forward - 60:00
Defense - 60:00

% Time on Ice - Kings

Lines # - Real PCT - Wanted PCT - Time Play
Normal Forward
1 - 35% - 35% - 19:25
2 - 28% - 30% - 15:49
3 - 23% - 24% - 12:43
4 - 14% - 11% - 7:50
Normal Defense
1 - 40% - 40% - 22:17
2 - 35% - 35% - 19:33
3 - 25% - 25% - 13:57
4 - 0% - 0% - 0:00
PP Forward
1 - 55% - 60% - 1:05
2 - 45% - 40% - 0:54
PP Defense
1 - 43% - 60% - 0:51
2 - 57% - 40% - 1:08
PK Forward
1 - 80% - 60% - 1:47
2 - 20% - 40% - 0:27
PK Defense
1 - 48% - 60% - 1:04
2 - 52% - 40% - 1:10
PK3 Forward
1 - 0% - 60%
2 - 0% - 40%
PK3 Defense
1 - 0% - 60%
2 - 0% - 40%
44 Forward
1 - 0% - 60%
2 - 0% - 40%
44 Defense
1 - 0% - 60%
2 - 0% - 40%
Last Minute Offensive  - 0:00
Last Minute Defensive  - 0:00
Total
Forward - 60:00
Defense - 60:00

Play-by-Play

1st period


0:01 of 1st period - Joe Pavelski wins face-off versus Tomas Hertl in neutral zone.
0:12 of 1st period - Jonas Brodin is hit by Nikita Zadorov and loses puck.
1:39 of 1st period - Wrist shot by Tomas Hertl.
1:39 of 1st period - Stopped by Laurent Brossoit without a rebound.
1:40 of 1st period - Joe Pavelski wins face-off versus Tomas Hertl in Whalers zone.
1:40 of 1st period - Joe Pavelski is hit by Tomas Hertl.
1:46 of 1st period - Michael Anderson is hit by Joe Pavelski and loses puck.
1:53 of 1st period - David Savard is hit by Jordan Eberle and loses puck.
2:11 of 1st period - Wrist shot by Jordan Eberle.
2:11 of 1st period - Stopped by Laurent Brossoit with a rebound.
2:13 of 1st period - Wrist shot by Michael Anderson.
2:13 of 1st period - Stopped by Laurent Brossoit without a rebound.
2:14 of 1st period - Drake Batherson wins face-off versus Rudolfs Balcers in Whalers zone.
2:47 of 1st period - Off-side.
2:48 of 1st period - Drake Batherson wins face-off versus Sean Kuraly in neutral zone.
2:59 of 1st period - Snap shot by Reilly Smith.
2:59 of 1st period - Deflect By Drake Batherson.
2:59 of 1st period - Shot Blocked by Sean Kuraly.
2:59 of 1st period - Puck is out of play.
3:00 of 1st period - Christian Dvorak wins face-off versus Jeff Carter in Kings zone.
3:03 of 1st period - Slapshot by Timo Meier.
3:03 of 1st period - Stopped by Sergei Bobrovsky with a rebound.
3:27 of 1st period - Scott Mayfield is hit by Matt Irwin and loses puck.
4:12 of 1st period - Justin Faulk is hit by Carl Grundstrom and loses puck.
5:57 of 1st period - Snap shot by Jeff Carter.
5:57 of 1st period - Stopped by Laurent Brossoit with a rebound.
6:17 of 1st period - Reilly Smith is hit by Michael Anderson and loses puck.
7:22 of 1st period - Snap shot by Conor Garland.
7:22 of 1st period - Stopped by Laurent Brossoit without a rebound.
7:23 of 1st period - Drake Batherson wins face-off versus Tomas Hertl in Whalers zone.
7:57 of 1st period - Snap shot by Jeff Carter.
7:57 of 1st period - Stopped by Laurent Brossoit without a rebound.
7:58 of 1st period - Christian Dvorak wins face-off versus Jeff Carter in Whalers zone.
8:12 of 1st period - Snap shot by Jeff Carter.
8:12 of 1st period - Shot Misses the Net.
8:14 of 1st period - Snap shot by Jeff Carter.
8:14 of 1st period - Deflect By Tage Thompson.
8:14 of 1st period - Stopped by Laurent Brossoit with a rebound.
8:16 of 1st period - Slapshot by Jonas Brodin.
8:16 of 1st period - Deflect By Roman Josi.
8:16 of 1st period - Stopped by Laurent Brossoit with a rebound.
8:18 of 1st period - Slapshot by Jonas Brodin.
8:18 of 1st period - Shot Blocked by Scott Mayfield.
8:20 of 1st period - Snap shot by Rudolfs Balcers.
8:20 of 1st period - Shot Blocked by Timo Meier.
9:12 of 1st period - Wrist shot by Tage Thompson.
9:12 of 1st period - Shot Misses the Net.
9:14 of 1st period - Wrist shot by Rudolfs Balcers.
9:14 of 1st period - Stopped by Laurent Brossoit with a rebound.
9:16 of 1st period - Snap shot by Jonas Brodin.
9:16 of 1st period - Stopped by Laurent Brossoit without a rebound.
9:17 of 1st period - Tomas Hertl wins face-off versus Joe Pavelski in Whalers zone.
9:44 of 1st period - Sean Walker is hit by Klim Kostin and loses puck.
10:03 of 1st period - Wrist shot by Carl Grundstrom.
10:03 of 1st period - Stopped by Laurent Brossoit with a rebound.
10:05 of 1st period - Wrist shot by Josh Brown.
10:05 of 1st period - Stopped by Laurent Brossoit without a rebound.
10:06 of 1st period - Jayson Megna wins face-off versus Shane Pinto in Whalers zone.
10:22 of 1st period - Wrist shot by Carl Grundstrom.
10:22 of 1st period - Shot Misses the Net.
10:28 of 1st period - Nikita Zadorov is hit by Olli Maatta and loses puck.
10:39 of 1st period - Wrist shot by Roman Josi.
10:39 of 1st period - Stopped by Sergei Bobrovsky without a rebound.
10:40 of 1st period - Joe Pavelski wins face-off versus Tomas Hertl in Kings zone.
10:49 of 1st period - Snap shot by Tomas Hertl.
10:49 of 1st period - Stopped by Laurent Brossoit with a rebound.
11:07 of 1st period - Reilly Smith is hit by Sean Kuraly and loses puck.
11:51 of 1st period - Slapshot by Riley Nash.
11:51 of 1st period - Shot Blocked by Olli Maatta.
12:14 of 1st period - Wrist shot by Bryan Rust.
12:14 of 1st period - Shot Blocked by Michael Anderson.
12:40 of 1st period - Snap shot by Klim Kostin.
12:40 of 1st period - Stopped by Laurent Brossoit without a rebound.
12:41 of 1st period - Christian Dvorak wins face-off versus Tage Thompson in Whalers zone.
12:52 of 1st period - Snap shot by Timo Meier.
12:52 of 1st period - Shot Misses the Net.
12:54 of 1st period - Slapshot by Sean Walker.
12:54 of 1st period - Deflect By Vladimir Tarasenko.
12:54 of 1st period - Shot Blocked by Tage Thompson.
12:54 of 1st period - Puck is out of play.
12:55 of 1st period - Drake Batherson wins face-off versus Tomas Hertl in Kings zone.
13:30 of 1st period - Snap shot by Jeff Carter.
13:30 of 1st period - Stopped by Laurent Brossoit with a rebound.
13:48 of 1st period - Wrist shot by Christian Fischer.
13:48 of 1st period - Stopped by Laurent Brossoit with a rebound.
14:10 of 1st period - Snap shot by Vladimir Tarasenko.
14:10 of 1st period - Shot Misses the Net.
14:12 of 1st period - Wrist shot by Timo Meier.
14:12 of 1st period - Stopped by Sergei Bobrovsky with a rebound.
14:36 of 1st period - Snap shot by Jordan Eberle.
14:36 of 1st period - Stopped by Laurent Brossoit without a rebound.
14:37 of 1st period - Tomas Hertl wins face-off versus Joe Pavelski in Whalers zone.
15:16 of 1st period - Wrist shot by Klim Kostin.
15:16 of 1st period - Shot Misses the Net.
15:19 of 1st period - Icing by Justin Faulk.
15:20 of 1st period - Jeff Carter wins face-off versus Christian Dvorak in Whalers zone.
15:35 of 1st period - Slapshot by Vladimir Tarasenko.
15:35 of 1st period - Shot Misses the Net.
15:47 of 1st period - David Perron is hit by Tomas Hertl.
16:18 of 1st period - Off-side.
16:19 of 1st period - Joe Pavelski wins face-off versus Tage Thompson in neutral zone.
16:48 of 1st period - Wrist shot by Reilly Smith.
16:48 of 1st period - Stopped by Sergei Bobrovsky without a rebound.
16:49 of 1st period - Tomas Hertl wins face-off versus Drake Batherson in Kings zone.
17:00 of 1st period - Wrist shot by Tomas Hertl.
17:00 of 1st period - Shot Blocked by Scott Mayfield.
17:58 of 1st period - Slapshot by Conor Garland.
17:58 of 1st period - Stopped by Laurent Brossoit with a rebound.
18:00 of 1st period - Slapshot by Matt Irwin.
18:00 of 1st period - Deflect By Conor Garland.
18:00 of 1st period - Goal by Conor Garland - Whalers : 0 - Kings : 1.
18:01 of 1st period - Joe Pavelski wins face-off versus Sean Kuraly in neutral zone.
19:41 of 1st period - Backhand shot by Tomas Hertl.
19:41 of 1st period - Shot Blocked by Sean Walker.
Goals for this period are 0 for Whalers vs 1 for Kings.
Shots for this period are 4 for Whalers vs 19 for Kings.

2nd period


0:01 of 2nd period - Sean Kuraly wins face-off versus David Perron in neutral zone.
0:08 of 2nd period - Snap shot by Sean Kuraly.
0:08 of 2nd period - Stopped by Laurent Brossoit with a rebound.
0:10 of 2nd period - Snap shot by Sean Kuraly.
0:10 of 2nd period - Shot Misses the Net.
0:12 of 2nd period - Snap shot by Klim Kostin.
0:12 of 2nd period - Stopped by Laurent Brossoit with a rebound.
0:14 of 2nd period - Snap shot by Sean Kuraly.
0:14 of 2nd period - Deflect By Klim Kostin.
0:14 of 2nd period - Shot Blocked by Justin Faulk.
0:14 of 2nd period - Puck is out of play.
0:15 of 2nd period - Christian Dvorak wins face-off versus Jeff Carter in Whalers zone.
0:40 of 2nd period - Timo Meier is hit by Alex Goligoski and loses puck.
1:05 of 2nd period - Slapshot by Jordan Eberle.
1:05 of 2nd period - Deflect By Conor Garland.
1:05 of 2nd period - Shot Misses the Net.
1:05 of 2nd period - Puck is out of play.
1:06 of 2nd period - Joe Pavelski wins face-off versus Tomas Hertl in Whalers zone.
1:33 of 2nd period - Matt Irwin is hit by Scott Mayfield and loses puck.
2:16 of 2nd period - Tage Thompson is hit by Justin Faulk and loses puck.
2:23 of 2nd period - Alex Goligoski is hit by Nikita Zadorov and loses puck.
3:00 of 2nd period - Slapshot by Drake Batherson.
3:00 of 2nd period - Stopped by Sergei Bobrovsky without a rebound.
3:01 of 2nd period - Jayson Megna wins face-off versus Reilly Smith in Kings zone.
3:27 of 2nd period - Jonas Brodin is hit by Scott Mayfield and loses puck.
3:34 of 2nd period - Snap shot by Rudolfs Balcers.
3:34 of 2nd period - Shot Blocked by Roman Josi.
3:36 of 2nd period - Snap shot by Tage Thompson.
3:36 of 2nd period - Shot Misses the Net.
5:17 of 2nd period - Wrist shot by Conor Garland.
5:17 of 2nd period - Shot Misses the Net.
5:37 of 2nd period - Wrist shot by Drake Batherson.
5:37 of 2nd period - Shot Misses the Net.
6:11 of 2nd period - Snap shot by Timo Meier.
6:11 of 2nd period - Stopped by Sergei Bobrovsky with a rebound.
6:13 of 2nd period - Snap shot by Nikita Zadorov.
6:13 of 2nd period - Stopped by Sergei Bobrovsky with a rebound.
6:15 of 2nd period - Snap shot by Christian Dvorak.
6:15 of 2nd period - Stopped by Sergei Bobrovsky without a rebound.
6:16 of 2nd period - Joe Pavelski wins face-off versus Sean Kuraly in Kings zone.
6:17 of 2nd period - Snap shot by Bryan Rust.
6:17 of 2nd period - Shot Blocked by Josh Brown.
6:24 of 2nd period - Minor Penalty to Matt Irwin for Interference.
6:25 of 2nd period - Sean Kuraly wins face-off versus Joe Pavelski in Kings zone.
6:50 of 2nd period - Sean Kuraly is hit by Timo Meier.
7:37 of 2nd period - Olli Maatta is hit by Bryan Rust and loses puck.
8:24 of 2nd period - Penalty to Matt Irwin is over, Matt Irwin is back on ice.
8:35 of 2nd period - Backhand shot by Tomas Hertl.
8:35 of 2nd period - Stopped by Laurent Brossoit without a rebound.
8:36 of 2nd period - Drake Batherson wins face-off versus Jeff Carter in Whalers zone.
8:45 of 2nd period - Wrist shot by Reilly Smith.
8:45 of 2nd period - Goal by Reilly Smith - Whalers : 1 - Kings : 1.
8:46 of 2nd period - Tomas Hertl wins face-off versus Joe Pavelski in neutral zone.
9:12 of 2nd period - Roman Josi is hit by Jonas Brodin.
9:21 of 2nd period - Icing by Timo Meier.
9:22 of 2nd period - Vladimir Tarasenko wins face-off versus Jeff Carter in Whalers zone.
9:22 of 2nd period - Vladimir Tarasenko is hit by Rudolfs Balcers.
9:30 of 2nd period - Wrist shot by Christian Dvorak.
9:30 of 2nd period - Stopped by Sergei Bobrovsky with a rebound.
9:32 of 2nd period - Wrist shot by Vladimir Tarasenko.
9:32 of 2nd period - Shot Misses the Net.
10:11 of 2nd period - Wrist shot by Timo Meier.
10:11 of 2nd period - Shot Blocked by Rudolfs Balcers.
10:13 of 2nd period - Snap shot by Christian Dvorak.
10:13 of 2nd period - Shot Blocked by Josh Brown.
10:15 of 2nd period - Backhand shot by Scott Mayfield.
10:15 of 2nd period - Deflect By Rudolfs Balcers.
10:15 of 2nd period - Stopped by Sergei Bobrovsky with a rebound.
10:17 of 2nd period - Wrist shot by Timo Meier.
10:17 of 2nd period - Deflect By Christian Dvorak.
10:17 of 2nd period - Goal by Christian Dvorak - Whalers : 2 - Kings : 1.
10:18 of 2nd period - Tomas Hertl wins face-off versus Bryan Rust in neutral zone.
10:45 of 2nd period - Reilly Smith is hit by Sean Kuraly and loses puck.
10:52 of 2nd period - David Savard is hit by Alex Goligoski and loses puck.
12:35 of 2nd period - Wrist shot by Carl Grundstrom.
12:35 of 2nd period - Stopped by Laurent Brossoit without a rebound.
12:36 of 2nd period - Jayson Megna wins face-off versus Joe Pavelski in Whalers zone.
13:10 of 2nd period - Slapshot by Christian Dvorak.
13:10 of 2nd period - Stopped by Sergei Bobrovsky with a rebound.
13:12 of 2nd period - Slapshot by Nikita Zadorov.
13:12 of 2nd period - Shot Blocked by Olli Maatta.
13:24 of 2nd period - Slapshot by Justin Faulk.
13:24 of 2nd period - Shot Misses the Net.
13:26 of 2nd period - Wrist shot by Tobias Rieder.
13:26 of 2nd period - Stopped by Sergei Bobrovsky with a rebound.
13:28 of 2nd period - Slapshot by David Savard.
13:28 of 2nd period - Shot Misses the Net.
13:30 of 2nd period - Snap shot by Tobias Rieder.
13:30 of 2nd period - Shot Misses the Net.
13:32 of 2nd period - Slapshot by Sean Walker.
13:32 of 2nd period - Stopped by Sergei Bobrovsky with a rebound.
13:44 of 2nd period - Slapshot by Mike Hardman.
13:44 of 2nd period - Deflect By Drake Batherson.
13:44 of 2nd period - Stopped by Sergei Bobrovsky without a rebound.
13:45 of 2nd period - Sean Kuraly wins face-off versus Drake Batherson in Kings zone.
14:04 of 2nd period - Wrist shot by Reilly Smith.
14:04 of 2nd period - Shot Blocked by Tomas Hertl.
14:10 of 2nd period - Reilly Smith is hit by Jonas Brodin and loses puck.
14:35 of 2nd period - Snap shot by Drake Batherson.
14:35 of 2nd period - Stopped by Sergei Bobrovsky without a rebound.
14:36 of 2nd period - Jeff Carter wins face-off versus Bryan Rust in Kings zone.
14:36 of 2nd period - Jeff Carter is hit by David Perron.
14:47 of 2nd period - Snap shot by Joe Pavelski.
14:47 of 2nd period - Stopped by Sergei Bobrovsky with a rebound.
15:08 of 2nd period - Slapshot by Vladimir Tarasenko.
15:08 of 2nd period - Deflect By Klim Kostin.
15:08 of 2nd period - Shot Misses the Net.
15:08 of 2nd period - Puck is out of play.
15:09 of 2nd period - Tomas Hertl wins face-off versus Christian Dvorak in Kings zone.
15:09 of 2nd period - Tomas Hertl is hit by David Savard.
17:01 of 2nd period - Snap shot by Jeff Carter.
17:01 of 2nd period - Shot Misses the Net.
17:07 of 2nd period - Snap shot by Shane Pinto.
17:07 of 2nd period - Stopped by Sergei Bobrovsky with a rebound.
17:11 of 2nd period - Wrist shot by Shane Pinto.
17:11 of 2nd period - Stopped by Sergei Bobrovsky with a rebound.
17:13 of 2nd period - Wrist shot by Riley Nash.
17:13 of 2nd period - Shot Blocked by Matt Irwin.
17:15 of 2nd period - Wrist shot by Riley Nash.
17:15 of 2nd period - Deflect By Josh Brown.
17:15 of 2nd period - Shot Misses the Net.
17:15 of 2nd period - Puck is out of play.
17:16 of 2nd period - Tomas Hertl wins face-off versus Joe Pavelski in Kings zone.
18:26 of 2nd period - Snap shot by Carl Grundstrom.
18:26 of 2nd period - Shot Misses the Net.
18:32 of 2nd period - Snap shot by Carl Grundstrom.
18:32 of 2nd period - Shot Misses the Net.
18:34 of 2nd period - Wrist shot by Jayson Megna.
18:34 of 2nd period - Shot Misses the Net.
19:08 of 2nd period - Snap shot by Christian Dvorak.
19:08 of 2nd period - Shot Hit the Post.
19:10 of 2nd period - Slapshot by Nikita Zadorov.
19:10 of 2nd period - Shot Blocked by Christian Fischer.
19:12 of 2nd period - Slapshot by Justin Faulk.
19:12 of 2nd period - Shot Blocked by Klim Kostin.
19:14 of 2nd period - Wrist shot by Christian Dvorak.
19:14 of 2nd period - Goal by Christian Dvorak - Whalers : 3 - Kings : 1.
19:15 of 2nd period - Tomas Hertl wins face-off versus Joe Pavelski in neutral zone.
19:32 of 2nd period - Snap shot by Tomas Hertl.
19:32 of 2nd period - Stopped by Laurent Brossoit with a rebound.
19:51 of 2nd period - Snap shot by Reilly Smith.
19:51 of 2nd period - Shot Misses the Net.
19:53 of 2nd period - Snap shot by Drake Batherson.
19:53 of 2nd period - Stopped by Sergei Bobrovsky with a rebound.
Goals for this period are 3 for Whalers vs 0 for Kings.
Shots for this period are 18 for Whalers vs 5 for Kings.

3rd period


0:01 of 3rd period - Tomas Hertl wins face-off versus Joe Pavelski in neutral zone.
0:53 of 3rd period - Minor Penalty to Roman Josi for Hooking.
0:54 of 3rd period - Riley Nash wins face-off versus Tomas Hertl in Whalers zone.
2:53 of 3rd period - Penalty to Roman Josi is over, Roman Josi is back on ice.
2:55 of 3rd period - Icing by Tomas Hertl.
2:56 of 3rd period - Joe Pavelski wins face-off versus Tomas Hertl in Kings zone.
3:28 of 3rd period - Snap shot by Christian Dvorak.
3:28 of 3rd period - Deflect By Vladimir Tarasenko.
3:28 of 3rd period - Stopped by Sergei Bobrovsky without a rebound.
3:29 of 3rd period - Jeff Carter wins face-off versus Joe Pavelski in Kings zone.
3:33 of 3rd period - Off-side.
3:34 of 3rd period - Joe Pavelski wins face-off versus Jeff Carter in neutral zone.
3:37 of 3rd period - Slapshot by David Perron.
3:37 of 3rd period - Stopped by Sergei Bobrovsky with a rebound.
3:39 of 3rd period - Snap shot by Joe Pavelski.
3:39 of 3rd period - Shot Blocked by Jonas Brodin.
3:41 of 3rd period - Snap shot by David Perron.
3:41 of 3rd period - Shot Blocked by Jeff Carter.
5:53 of 3rd period - Wrist shot by Timo Meier.
5:53 of 3rd period - Shot Misses the Net.
5:55 of 3rd period - Slapshot by Roman Josi.
5:55 of 3rd period - Stopped by Sergei Bobrovsky with a rebound.
5:57 of 3rd period - Snap shot by Vladimir Tarasenko.
5:57 of 3rd period - Shot Blocked by Matt Irwin.
5:59 of 3rd period - Snap shot by Nikita Zadorov.
5:59 of 3rd period - Deflect By Christian Dvorak.
5:59 of 3rd period - Shot Blocked by Matt Irwin.
5:59 of 3rd period - Puck is out of play.
6:00 of 3rd period - Jeff Carter wins face-off versus Joe Pavelski in Kings zone.
6:31 of 3rd period - Slapshot by Justin Faulk.
6:31 of 3rd period - Deflect By Jordan Eberle.
6:31 of 3rd period - Stopped by Sergei Bobrovsky with a rebound.
6:34 of 3rd period - Icing by Conor Garland.
6:35 of 3rd period - Christian Dvorak wins face-off versus Tomas Hertl in Kings zone.
7:00 of 3rd period - Slapshot by Tomas Hertl.
7:00 of 3rd period - Shot Blocked by Nikita Zadorov.
7:02 of 3rd period - Snap shot by Conor Garland.
7:02 of 3rd period - Shot Hit the Post.
7:04 of 3rd period - Wrist shot by Jordan Eberle.
7:04 of 3rd period - Stopped by Laurent Brossoit with a rebound.
7:06 of 3rd period - Snap shot by Conor Garland.
7:06 of 3rd period - Shot Misses the Net.
7:12 of 3rd period - Slapshot by Tomas Hertl.
7:12 of 3rd period - Stopped by Laurent Brossoit without a rebound.
7:13 of 3rd period - Joe Pavelski wins face-off versus Sean Kuraly in Whalers zone.
7:20 of 3rd period - Wrist shot by David Perron.
7:20 of 3rd period - Shot Blocked by Alex Goligoski.
7:22 of 3rd period - Slapshot by Sean Walker.
7:22 of 3rd period - Shot Blocked by Christian Fischer.
7:24 of 3rd period - Slapshot by Sean Walker.
7:24 of 3rd period - Stopped by Sergei Bobrovsky with a rebound.
7:40 of 3rd period - Sean Walker is hit by Tage Thompson and loses puck.
7:47 of 3rd period - Jonas Brodin is hit by Drake Batherson and loses puck.
8:04 of 3rd period - Snap shot by Austin Watson.
8:04 of 3rd period - Deflect By Jayson Megna.
8:04 of 3rd period - Stopped by Laurent Brossoit without a rebound.
8:05 of 3rd period - Jayson Megna wins face-off versus Joe Pavelski in Whalers zone.
8:40 of 3rd period - Snap shot by Reilly Smith.
8:40 of 3rd period - Stopped by Sergei Bobrovsky with a rebound.
9:05 of 3rd period - Off-side.
9:06 of 3rd period - Joe Pavelski wins face-off versus Conor Garland in neutral zone.
9:33 of 3rd period - Reilly Smith is hit by Klim Kostin.
9:59 of 3rd period - Snap shot by Tage Thompson.
9:59 of 3rd period - Shot Misses the Net.
10:01 of 3rd period - Snap shot by Tage Thompson.
10:01 of 3rd period - Goal by Tage Thompson - Whalers : 3 - Kings : 2.
10:02 of 3rd period - Tomas Hertl wins face-off versus Joe Pavelski in neutral zone.
10:19 of 3rd period - Slapshot by Olli Maatta.
10:19 of 3rd period - Stopped by Laurent Brossoit with a rebound.
10:19 of 3rd period - Laurent Brossoit from Whalers is injured at 10:19 of 3rd period (Left Ankle).
10:19 of 3rd period - Jacob Markstrom enters game.
10:20 of 3rd period - Tomas Hertl wins face-off versus Drake Batherson in Whalers zone.
10:21 of 3rd period - Snap shot by Conor Garland.
10:21 of 3rd period - Stopped by Jacob Markstrom without a rebound.
10:22 of 3rd period - Drake Batherson wins face-off versus Tomas Hertl in Whalers zone.
10:22 of 3rd period - Drake Batherson is hit by Tomas Hertl.
10:37 of 3rd period - Wrist shot by Mike Hardman.
10:37 of 3rd period - Shot Blocked by Jonas Brodin.
10:47 of 3rd period - Joe Pavelski is hit by Sean Kuraly and loses puck.
11:13 of 3rd period - Off-side.
11:14 of 3rd period - Jeff Carter wins face-off versus Christian Dvorak in neutral zone.
11:34 of 3rd period - Snap shot by Vladimir Tarasenko.
11:34 of 3rd period - Stopped by Sergei Bobrovsky with a rebound.
11:36 of 3rd period - Snap shot by Timo Meier.
11:36 of 3rd period - Stopped by Sergei Bobrovsky without a rebound.
11:37 of 3rd period - Tomas Hertl wins face-off versus Drake Batherson in Kings zone.
11:39 of 3rd period - Minor Penalty to Conor Garland for Holding.
11:40 of 3rd period - Sean Kuraly wins face-off versus Christian Dvorak in Kings zone.
11:48 of 3rd period - Slapshot by Roman Josi.
11:48 of 3rd period - Shot Blocked by Sean Kuraly.
11:50 of 3rd period - Wrist shot by Roman Josi.
11:50 of 3rd period - Deflect By Michael Anderson.
11:50 of 3rd period - Stopped by Sergei Bobrovsky with a rebound.
11:54 of 3rd period - Backhand shot by Vladimir Tarasenko.
11:54 of 3rd period - Goal by Vladimir Tarasenko - Whalers : 4 - Kings : 2.
11:55 of 3rd period - Drake Batherson wins face-off versus Tomas Hertl in neutral zone.
12:31 of 3rd period - Wrist shot by David Perron.
12:31 of 3rd period - Shot Misses the Net.
13:15 of 3rd period - Snap shot by Carl Grundstrom.
13:15 of 3rd period - Stopped by Jacob Markstrom without a rebound.
13:16 of 3rd period - Joe Pavelski wins face-off versus Tomas Hertl in Whalers zone.
13:23 of 3rd period - Slapshot by Bryan Rust.
13:23 of 3rd period - Stopped by Sergei Bobrovsky with a rebound.
13:25 of 3rd period - Snap shot by Joe Pavelski.
13:25 of 3rd period - Stopped by Sergei Bobrovsky without a rebound.
13:26 of 3rd period - Joe Pavelski wins face-off versus Tomas Hertl in Kings zone.
13:56 of 3rd period - Slapshot by Bryan Rust.
13:56 of 3rd period - Shot Misses the Net.
13:58 of 3rd period - Snap shot by Bryan Rust.
13:58 of 3rd period - Shot Misses the Net.
14:00 of 3rd period - Backhand shot by Roman Josi.
14:00 of 3rd period - Stopped by Sergei Bobrovsky with a rebound.
14:02 of 3rd period - Backhand shot by Bryan Rust.
14:02 of 3rd period - Stopped by Sergei Bobrovsky without a rebound.
14:03 of 3rd period - Sean Kuraly wins face-off versus Drake Batherson in Kings zone.
14:28 of 3rd period - David Savard is hit by Jeff Carter and loses puck.
14:39 of 3rd period - Wrist shot by Rudolfs Balcers.
14:39 of 3rd period - Shot Blocked by Christian Dvorak.
15:35 of 3rd period - Wrist shot by Jeff Carter.
15:35 of 3rd period - Shot Misses the Net.
15:37 of 3rd period - Slapshot by Michael Anderson.
15:37 of 3rd period - Stopped by Jacob Markstrom without a rebound.
15:38 of 3rd period - Jeff Carter wins face-off versus Joe Pavelski in Whalers zone.
16:28 of 3rd period - Snap shot by Reilly Smith.
16:28 of 3rd period - Stopped by Sergei Bobrovsky with a rebound.
16:30 of 3rd period - Slapshot by Justin Faulk.
16:30 of 3rd period - Shot Misses the Net.
16:42 of 3rd period - Jordan Eberle is hit by Justin Faulk and loses puck.
17:27 of 3rd period - Snap shot by Carl Grundstrom.
17:27 of 3rd period - Shot Misses the Net.
17:54 of 3rd period - Drake Batherson is hit by Sean Kuraly and loses puck.
18:05 of 3rd period - Rudolfs Balcers is hit by David Perron and loses puck.
18:29 of 3rd period - Icing by Jonas Brodin.
18:30 of 3rd period - Tomas Hertl wins face-off versus Christian Dvorak in Kings zone.
18:43 of 3rd period - Slapshot by Timo Meier.
18:43 of 3rd period - Deflect By Vladimir Tarasenko.
18:43 of 3rd period - Shot Blocked by Tomas Hertl.
18:43 of 3rd period - Puck is out of play.
18:44 of 3rd period - Sean Kuraly wins face-off versus Drake Batherson in Kings zone.
18:55 of 3rd period - Wrist shot by Christian Fischer.
18:55 of 3rd period - Shot Misses the Net.
18:57 of 3rd period - Slapshot by Sean Kuraly.
18:57 of 3rd period - Stopped by Jacob Markstrom with a rebound.
19:44 of 3rd period - Christian Dvorak is hit by Tage Thompson and loses puck.
19:49 of 3rd period - Snap shot by Christian Fischer.
19:49 of 3rd period - Stopped by Jacob Markstrom without a rebound.
19:50 of 3rd period - Mike Hardman wins face-off versus Tage Thompson in Whalers zone.
19:50 of 3rd period - Mike Hardman is hit by Tage Thompson.
19:51 of 3rd period - Mike Hardman from Whalers is injured at 19:51 of 3rd period (Bruised Left Arm).
19:52 of 3rd period - Sean Kuraly wins face-off versus Reilly Smith in Whalers zone.
19:53 of 3rd period - Wrist shot by Klim Kostin.
19:53 of 3rd period - Shot Misses the Net.
19:59 of 3rd period - Wrist shot by Drake Batherson.
19:59 of 3rd period - Shot Hit the Post.
Goals for this period are 1 for Whalers vs 1 for Kings.
Shots for this period are 15 for Whalers vs 10 for Kings. Output by the SimonT Hockey Simulator (STHS) for Eric Tremblay - Original Page W3C HTML5 Valid
Hockey Simulator - Hockey Simulation - Hockey Manager